 Dungeon Crawl Stone Soup version 0.31.0-10-gcf4a605ca0 (webtiles) character file.

Game seed: 13241145371088568562

1911669 Pooter the Minotaur Barricade (level 24, 268/268 (271) HPs)
             Began as a Minotaur Monk on Jan 23, 2024.
             Was an Elder of Jiyva.
             Escaped with the Orb
             ... and 3 runes
             ... and 2 gems (0 intact) on Jan 25, 2024!
             The game lasted 06:11:35 (61871 turns).

Pooter the Minotaur Barricade (Minotaur Monk)      Turns: 61871, Time: 06:11:35

HP:   268/268 (271) AC: 31    Str: 22    XL:     24   Next: 79%
MP:   22/22         EV: 16    Int: 15    God:    Jiyva [****..]
Gold: 940           SH: 19    Dex: 24    Spells: 23/23 levels left

rFire   . . .        a - +8 broad axe (drain)
rCold   + + .        S - +3 warlock's mirror {omnireflect}
rNeg    . . .        R - +7 crystal plate armour "Qeukhlymo" {rElec}
rPois   .            (helmet restricted)
rElec   +            U - +1 cloak "Emmaif" {Str+3}
rCorr   +            Z - +1 pair of gloves of the Iron Devil {^Contam Regen+ Int+2}
SInv    +            (no boots)
Will    +....        E - amulet of regeneration Stlth
                     u - +5 ring of evasion
HPRegen 3.52/turn    y - ring of the Burning Gods {Slay+3 SInv}
MPRegen 0.82/turn

%: reflection
@: studying Polearms, lightly drained
A: horns 2, retaliatory headbutt, large bone plates 1, agile 2, clever 2, cold
resistance 2, mutation resistance 1, robust 1, acidic bite, gelatinous body 1,
pseudopods 3, tendrils, MP-powered wands
0: Orb of Zot
}: 3/15 runes: decaying, serpentine, slimy
a: Renounce Religion, Oozemancy, Slimify


You escaped.
You worshipped Jiyva.
Jiyva was greatly pleased with you.
You visited 11 branches of the dungeon, and saw 52 of its levels.
You visited the Abyss 1 time.
You also visited: Sewer, Bailey and Gauntlet.

You collected 4137 gold pieces.
You spent 3197 gold pieces at shops.

Inventory:

Hand Weapons
 a - a +8 broad axe of draining (weapon)
   (You took it off an orc warlord in a bailey)
 b - a +0 sling of draining
   (You found it on level 9 of the Dungeon)
 n - a +2 heavy dire flail
   (You subdued it on level 3 of the Elven Halls)
 p - a +5 arbalest of draining
   (You found it on level 1 of the Dungeon)
 w - a +3 morningstar of holy wrath
   (You subdued it on level 3 of the Elven Halls)
 Q - the +6 morningstar "Yhain" {flame, rElec rF+ Stlth-}
   (You found it on level 2 of the Swamp)

   rF+:       It protects you from fire.
   rElec:     It insulates you from electricity.
   Stlth-:    It makes you less stealthy.
 X - a +1 executioner's axe of electrocution
   (You found it on level 13 of the Dungeon)
Missiles
 x - 16 curare-tipped darts
 B - 6 silver javelins
 C - 24 boomerangs (quivered)
 K - 23 javelins
Armour
 h - the +6 scale mail of the Camelopard {rElec rN+++ Will- Dex+4}
   (You took it off an orc warlord in a bailey)

   Dex+4:     It affects your dexterity (+4).
   rElec:     It insulates you from electricity.
   rN+++:     It renders you almost immune to negative energy.
   Will-:     It decreases your willpower.
 R - the +7 crystal plate armour "Qeukhlymo" (worn) {rElec}
   (You acquired it on level 2 of the Snake Pit)

   rElec:     It insulates you from electricity.
 S - the +3 warlock's mirror (worn) {omnireflect}
   (You acquired it on level 9 of the Dungeon)

   Omnireflect: It can block and reflect piercing ranged attacks and magical
   attacks against the wielder's willpower.
 U - the +1 cloak "Emmaif" (worn) {Str+3}
   (You found it in a Gauntlet)

   Str+3:     It affects your strength (+3).
 Z - the +1 pair of gloves of the Iron Devil (worn) {^Contam Regen+ Int+2}
   (You acquired it on level 13 of the Dungeon)

   Int+2:     It affects your intelligence (+2).
   ^Contam:   It causes magical contamination when unequipped.
   Regen+:    It increases your rate of health regeneration.
Jewellery
 g - a +4 ring of protection
   (You found it on level 2 of the Dungeon)
 k - a ring of magical power
   (You found it on level 2 of the Dungeon)
 u - a +5 ring of evasion (left hand)
   (You took it off a centaur warrior on level 3 of the Vaults)
 y - the ring of the Burning Gods (right hand) {Slay+3 SInv}
   (You found it on level 5 of the Pits of Slime)

   [ring of see invisible]

   Slay+3:    It affects your accuracy & damage with ranged weapons and melee
   (+3).
   SInv:      It lets you see invisible.
 E - an amulet of regeneration (around neck)
   (You bought it in a shop on level 2 of the Snake Pit)
 I - the ring of Etos {rPois rC+ Will+ Str+2}
   (You found it in a Gauntlet)

   [ring of protection from cold]

   Str+2:     It affects your strength (+2).
   rC+:       It protects you from cold.
   rPois:     It protects you from poison Will+: It increases your willpower.
 J - a ring of flight
   (You bought it in a shop on level 2 of the Snake Pit)
 N - a ring of positive energy
   (You took it off a deep elf annihilator on level 3 of the Elven Halls)
 T - the ring "Imuimuwy" {rElec rCorr Int+3 Dex+4 SInv}
   (You found it in a Gauntlet)

   [ring of see invisible]

   Int+3:     It affects your intelligence (+3).
   Dex+4:     It affects your dexterity (+4).
   rElec:     It insulates you from electricity.
   SInv:      It lets you see invisible.
   rCorr:     It protects you from acid and corrosion.
Wands
 d - a wand of iceblast (2)
   (You bought it in a shop on level 2 of the Orcish Mines)
 e - a wand of charming (18)
   (You found it on level 2 of the Swamp)
 f - a wand of flame (54)
   (You found it on level 7 of the Dungeon)
 l - a wand of polymorph (3)
   (You found it on level 1 of the Lair of Beasts)
 H - a wand of light (23)
   (You took it off Maurice on level 8 of the Dungeon)
 W - a wand of mindburst (17)
   (You found it on level 13 of the Dungeon)
Scrolls
 i - 2 scrolls of enchant armour
 m - 4 scrolls of vulnerability {!r}
 t - 3 scrolls of teleportation {@r4}
 D - 4 scrolls of immolation {!r}
 G - 2 scrolls of fear
 L - 4 scrolls of revelation
 M - a scroll of poison {!r}
 P - 2 scrolls of fog
Potions
 c - 3 potions of ambrosia
 j - 5 potions of enlightenment
 o - 3 potions of lignification {!q}
 q - 9 potions of curing {@q1}
 r - 8 potions of attraction {!q}
 v - a potion of heal wounds {@q2}
 z - a potion of cancellation
 A - 2 potions of magic
 F - 3 potions of mutation {!q}
 O - a potion of haste {@q3}
 V - 3 potions of might
 Y - a potion of invisibility


   Skills:
 + Level 26.6 Fighting
 - Level 21.0(21.7) Axes
 - Level 9.9(16.6) Maces & Flails
 - Level 19.7 Ranged Weapons
 - Level 11.1 Throwing
 - Level 17.2 Armour
 - Level 9.0 Dodging
 O Level 27 Shields
 - Level 10.7 Evocations


You had 23 spell levels left.
You didn't know any spells.
Your spell library contained the following spells:

 Spells                   Type           Power      Damage    Failure   Level
 Apportation              Tloc           0%         N/A       100%        1
 Kiss of Death            Conj/Necr      0%         2d5       100%        1
 Necrotise                Necr           0%         1d4       100%        1
 Sandblast                Erth           0%         2d4       100%        1
 Sting                    Conj/Alch      0%         1d3       100%        1
 Summon Small Mammal      Summ           0%         N/A       100%        1
 Ensorcelled Hibernation  Hex/Ice        0%         N/A       100%        2
 Jinxbite                 Hex            0%         N/A       100%        2
 Lesser Beckoning         Tloc           0%         N/A       100%        2
 Call Canine Familiar     Summ           0%         N/A       100%        3
 Gell's Gravitas          Tloc           0%         N/A       100%        3
 Passwall                 Erth           0%         N/A       100%        3
 Sigil of Binding         Hex            0%         N/A       100%        3
 Swiftness                Air            0%         N/A       100%        3
 Teleport Other           Tloc           0%         N/A       100%        3
 Anguish                  Hex/Necr       0%         N/A       100%        4
 Animate Armour           Summ/Erth      0%         N/A       100%        4
 Animate Dead             Necr           0%         N/A       100%        4
 Dimensional Bullseye     Hex/Tloc       0%         N/A       100%        4
 Flame Wave               Conj/Fire      0%         2d4       100%        4
 Leda's Liquefaction      Alch/Erth      0%         N/A       100%        4
 Vhi's Electric Charge    Tloc/Air       0%         N/A       100%        4
 Arcjolt                  Conj/Air       0%         1d10      100%        5
 Borgnjor's Vile Clutch   Necr/Erth      0%         N/A       100%        5
 Lee's Rapid Deconstruct  Erth           0%         3d4*      100%        5
 Silence                  Hex/Air        0%         N/A       100%        5
 Summon Mana Viper        Hex/Summ       0%         N/A       100%        5
 Bombard                  Conj/Erth      0%         9d1       100%        6
 Conjure Ball Lightning   Conj/Air       0%         3x3d6     100%        6
 Death Channel            Necr           0%         N/A       100%        6
 Plasma Beam              Fire/Air       0%         2x1d10    100%        6
 Malign Gateway           Summ/Tloc      0%         N/A       100%        7
 Monstrous Menagerie      Summ           0%         N/A       100%        7
 Spellforged Servitor     Conj/Summ      0%         N/A       100%        7
 Maxwell's Capacitive Co  Air            0%         ∞         100%        8
 Summon Horrible Things   Summ           0%         N/A       100%        8


Dungeon Overview and Level Annotations

Branches:
Dungeon (15/15)            Temple (0/1) D:7            Lair (5/5) D:11
  Swamp (4/4) Lair:3        Snake (4/4) Lair:3        Slime (5/5) Lair:5
    Orc (2/2) D:9             Elf (3/3) Orc:2        Vaults (4/5) D:13
  Crypt (0/3) Vaults:2     Depths (4/4) D:15           Hell (visited)
    Zot (5/5) Depths:4      Sewer (visited)          Bailey (visited)
Gauntlet (visited)
    Dis: Hell:1         Geh: Hell:1         Coc: Hell:1         Tar: Hell:1

Altars:
Ashenzari
Fedhas
Makhleb
Okawaru
Qazlal
Uskayaw
Yredelemnul
The Shining One
Jiyva

Shops:
D:11 [   Orc:1 ?   Orc:2 *[**   Elf:3 ((:   Snake:2 ==:   Snake:3 [   Snake:4 (

Portals:
Hell: Depths:1 Depths:2 Depths:3
Abyss: Depths:3 Depths:4
Pandemonium: Depths:2 Depths:3

Annotations:
Slime:5 Royal Jelly
Elf:2 3 runed translucent doors
Zot:5 exclusion: obsidian statue


Innate Abilities, Weirdness & Mutations

You have a pair of horns on your head.
You reflexively headbutt those who attack you in melee.
You are partially covered in large bone plates. (SH +4)
You are very agile. (Dex +8, Str/Int -2)
Your mind is very acute. (Int +8, Str/Dex -2)
Your flesh is very cold resistant. (rC++)
You are somewhat resistant to further mutation.
You are robust. (+10% HP)
You have acidic saliva.
Your rubbery body absorbs attacks. (AC +1, EV +1)
Armour fits poorly on your massive pseudopods.
You are covered in slimy tendrils that may disarm your opponents.
You expend magic power (3 MP) to strengthen your wands.


Message History

You hear a series of splatters.
You feel very mighty all of a sudden.
The sun demon hits you but does no damage.
You block the sun demon's attack.
You slash the sun demon! You headbutt the sun demon! You bite the sun demon.
The acid corrodes the sun demon!
You slice the sun demon!! Your headbutt misses the sun demon.
You bite the sun demon.
The sun demon seems to be corroded for longer.
The sun demon closely misses you.
You slash the sun demon!
You kill the sun demon!
There is a stone staircase leading up here.
You feel less slimy.
The hellephant trumpets!
You climb upwards.
There is a stone staircase leading down here.
There is a stone staircase leading up here.
You start resting.
You climb upwards.
There is a stone staircase leading down here.
You hear a series of splatters.
A Hell Sentinel comes into view.
The Hell Sentinel gestures at you.
The sphere of damnation explodes!
The damnation engulfs you!!
There is a stone staircase leading up here.
You climb upwards.
There is a stone staircase leading down here.
There is an escape hatch in the ceiling here.
You start resting.
You feel a little less mighty now. A mysterious force pulls you upwards.
The hatch slams shut behind you.
You see here a +0 whip.
Things that are here:
a +0 scale mail; a +2 spear of flaming
There is a stone staircase leading up here.
You climb upwards.
There is a stone staircase leading down here.
There is a stone staircase leading up, spattered with blood here.
You climb upwards.
There is a stone staircase leading down here.
You see here a +0 leather armour.
There is an open door here.
There is an open door here.
You open the door.
There is an open door here.
A shadow demon opens the door.
There is a staircase leading out of the dungeon here.
The shadow demon gestures.
You have escaped!

#.##.# #.#......P
#########'#########......P
#.................#.....♣♣ ######
#.#.###########.#.###.#.P♣ .....#
#.##.#.......#.##.#.....P. ####.#
#.#.#.###'###.#.#.#.#..... ####.#
#.#.#.#.....#.#.#.#....#.#
#....###.#.#.#.....#.#.#.####.#.#
.....'.'.#.#.+..@..'.#.#.'.'....#
#.#.####.#.#.#.....#.#.#.###...♣♣
......##.#.#.#..K..#.#.#.# #.....
#....#.#.#.#.###'###.#.#.# #...P♣
###..#.#.##.#..2....#.##.###...♣P
###..#.#.#.###########.#.#.....♣♣
.....#.#.................#.......
####.#.#########'#########.......
##.#.......# #.#####.##..#...##


You could see a shadow demon and a kobold (summoned).

Vanquished Creatures
  2 dread liches (Zot:5)
  4 ancient liches
  3 orbs of fire
  A juggernaut (Depths:2)
  Josephina (Zot:2)
  5 Killer Klowns
  Vashnia (Snake:4)
  A caustic shrike (Depths:3)
  8 golden dragons
  Nikola (Swamp:4)
  2 Tzitzimimeh
  4 electric golems
  A Brimstone Fiend (Zot:2)
  Zenata (Vaults:4)
  14 tentacled monstrosities
  A deep elf master archer (Elf:3)
  Mlioglotl (Snake:1)
  25 Orb Guardians
  5 quicksilver dragons
  7 death cobs
  A deep elf blademaster (Elf:3)
  7 sphinxes
  A lich (Zot:2)
  Donald (Swamp:2)
  10 shadow dragons
  Roxanne (Snake:4)
  10 storm dragons
  4 nagarajas (Snake:4)
  3 thorn hunters
  A fenstrider witch (Swamp:3)
  8 draconian monks
  3 draconian knights
  4 protean progenitors
  5 fire giants
  2 ghost moths
  6 draconian scorchers
  3 frost giants
  A balrug (Depths:2)
  4 orc warlords
  11 deep elf sorcerers
  16 vault wardens
  7 draconian shifters
  6 deep elf elementalists (Elf:3)
  Louise (Snake:4)
  4 ghouls (Swamp:2)
  The ghost of Sweeb the Fencer, a journeyman TeMo of Wu Jian (D:13)
  24 very ugly things
  2 spriggan defenders (Depths:1)
  3 draconian annihilators
  3 draconian stormcallers
  22 ironbound preservers
  4 ironbound thunderhulks
  2 broodmothers
  4 stone giants
  4 deep elf demonologists
  10 green draconians
  2 vampire knights
  Nessos (Lair:3)
  4 bunyips
  7 yellow draconians
  2 eleionomae
  6 purple draconians
  12 black draconians
  8 white draconians
  A minotaur (Lair:1)
  3 war gargoyles
  5 deep elf annihilators
  8 deep elf death magi
  3 spark wasps (Depths:3)
  Azrael (D:11)
  14 dire elephants
  A bunyip (shapeshifter) (Depths:2)
  3 red draconians
  5 ettins
  A merfolk javelineer (D:13)
  A blizzard demon (Zot:5)
  Snorg (Orc:2)
  2 crystal guardians (Vaults:4)
  The ghost of Firil the Destroyer, a journeyman OpFE of Vehumet (Lair:1)
  2 yaktaur captains
  A merfolk impaler (D:13)
  3 fire dragons
  3 shambling mangroves
  9 vault guards
  5 rakshasas
  7 deep elf high priests
  10 ice dragons
  6 peacekeepers
  A catoblepas (D:15)
  2 ghost crabs
  5 ironbound frosthearts
  24 hydras
  Fannar (Orc:1)
  6 alligators
  A merfolk avatar (Lair:5)
  7 anacondas
  11 centaur warriors
  A salamander tyrant (Snake:4)
  2 death knights
  4 spriggan air magi
  4 ogre magi (Orc:2)
  16 two-headed ogres
  17 naga warriors
  5 tengu warriors
  22 dancing weapons
  6 deep troll shamans
  14 death yaks
  6 deep troll earth magi
  2 vampire magi (Depths:1)
  11 naga sharpshooters
  3 orc high priests
  2 spriggan berserkers (Depths:3)
  Urug (D:13)
  4 sun demons
  14 deep elf knights
  8 spriggans
  A hell knight (Depths:3)
  Sonja (Lair:2)
  7 skeletal warriors
  6 goliath frogs
  5 iron trolls
  2 skysharks
  6 salamander mystics
  A sixfirhy (Zot:5)
  A death drake (Swamp:2)
  A quicksilver dragon simulacrum (Zot:3)
  7 sea snakes
  8 spriggan druids
  40 deep trolls
  A flayed ghost (Depths:1)
  11 arcanists
  9 mana vipers
  11 swamp dragons
  10 naga ritualists
  A golden dragon skeleton (Depths:1)
  An obsidian statue (D:13)
  20 deep elf archers
  13 ironbound convokers
  15 bog bodies
  4 lindwurms (Vaults:1)
  37 deep elf pyromancers
  3 necromancers
  70 ugly things
  An iron dragon zombie (Depths:1)
  9 orc knights
  11 salamanders
  3 orc sorcerers
  24 deep elf zephyrmancers
  2 oklob plants (Lair:3)
  Maurice (D:8)
  6 cyclopes
  23 moths of wrath
  4 will-o-the-wisps
  3 guardian serpents
  17 naga magi
  31 black mambas
  18 elephants
  18 vault sentinels
  2 stone giant skeletons (Depths:1)
  3 molten gargoyles (D:13)
  A smoke demon (Depths:3)
  12 cane toads
  An ice devil (Zot:5)
  2 hellions
  33 yaktaurs
  5 rime drakes
  3 efreet
  2 freezing wraiths
  3 kobold demonologists (D:11)
  11 komodo dragons
  3 tengu conjurers (D:14)
  A tormentor (Depths:2)
  A hellwing (Zot:2)
  5 polar bears
  A wind drake (Lair:5)
  A queen bee (shapeshifter) (Elf:1)
  9 trolls
  A bloated husk (Swamp:1)
  2 snapping turtles (Lair:5)
  12 hornets
  8 tyrant leeches
  A harpy skeleton (Abyss:2)
  A spriggan zombie (Depths:1)
  5 dream sheep (Lair:5)
  17 blink frogs
  A vampire (D:13)
  An air elemental (Elf:3)
  4 water elementals
  A spriggan (shapeshifter) (D:13)
  A shadow (D:10)
  2 wraiths (D:15)
  A steam dragon (D:8)
  5 wargs
  19 yaks
  9 fire elementals
  7 basilisks
  A chaos spawn (Abyss:2)
  A purple draconian simulacrum (Zot:3)
  A green draconian simulacrum (Zot:3)
  10 vampire mosquitoes
  Menkaure (D:5)
  17 swamp worms
  72 nagas
  2 small abominations (Abyss:2)
  2 acid dragons
  13 water moccasins
  Duvessa (D:5)
  2 hell hounds (D:12)
  2 moth of wrath simulacra (Zot:3)
  7 swamp drakes
  21 orc warriors
  An ice beast (D:7)
  A sky beast (D:4)
  2 laughing skulls (D:14)
  34 ogres
  11 centaurs
  A phantom (D:4)
  9 bullfrogs
  5 kobold brigands
  6 scorpions
  3 earth elementals
  10 wights
  Dowan (D:5)
  6 killer bees (D:7)
  A vampire bat (Lair:5)
  4 electric eels
  3 howler monkeys
  A lava snake (D:13)
  4 jellies
  17 orc priests
  4 hounds
  A sleepcap (D:6)
  Natasha (thrice) (D:2)
  5 iguanas
  17 orc wizards
  18 adders
  12 gnolls
  4 river rats (Sewer)
  A shadow imp (D:6)
  2 white imps
  4 ufetubi
  4 dart slugs
  4 ribbon worms
  67 orcs
  11 ball pythons
  17 endoplasms
  8 giant cockroaches
  11 goblins
  10 hobgoblins
  11 jackals
  9 quokkas
  11 bats
  4 frilled lizards
  22 kobolds
  7 rats
  An aspiring flesh (Zot:3)
  A spectral weapon (Depths:3)
1827 creatures vanquished.

Vanquished Creatures (collateral kills)
  An ancient lich (Zot:5)
  A curse toe (Zot:1)
  2 Orb Guardians (Zot:5)
  2 deep elf knights (Elf:2)
  A moth of wrath (Zot:5)
  A kobold blastminer (Orc:2)
  An orc wizard (D:9)
9 creatures vanquished.

Vanquished Creatures (others)
  A tentacled monstrosity (Zot:3)
  An acid blob (Snake:4)
  2 azure jellies
  A draconian monk (Zot:2)
  The ghost of Skeral the Brawler, a journeyman TrEn of Uskayaw (Elf:1)
  A draconian shifter (Zot:2)
  A vault warden (Vaults:2)
  A curse skull (Vaults:2)
  A formless jellyfish (Vaults:4)
  A yaktaur captain (Vaults:1)
  A hydra (D:13)
  5 great orbs of eyes
  An ironbound frostheart (Vaults:1)
  A naga warrior (Snake:4)
  A naga sharpshooter (Snake:4)
  A deep elf knight (Elf:2)
  A deep troll (Vaults:1)
  A glowing orange brain (Depths:3)
  A mana viper (Snake:2)
  2 arcanists
  5 ironbound convokers
  A deep elf pyromancer (Elf:2)
  A manticore (D:14)
  A will-o-the-wisp (Swamp:4)
  An ugly thing (Vaults:4)
  2 moths of wrath (Zot:3)
  A black mamba (Snake:4)
  A molten gargoyle (D:13)
  3 vault sentinels
  A naga mage (Snake:4)
  2 yaktaurs (Vaults:2)
  A rime drake (Lair:5)
  A bloated husk (Swamp:2)
  A glass eye (Zot:5)
  5 blink frogs (Lair:4)
  48 slime creatures
  A water elemental (D:11)
  2 golden eyes (Abyss:2)
  A golden eye (shapeshifter) (Elf:1)
  2 nagas (Snake:4)
  3 water moccasins
  A swamp worm (Swamp:2)
  A swamp drake (Swamp:4)
  4 orc warriors
  4 centaurs
  A kobold brigand (D:10)
  3 bullfrogs
  2 scorpions (D:6)
  A wight (D:6)
  351 jellies
  A quasit (Abyss:2)
  3 orc priests
  6 orc wizards
  8 gnolls
  4 adders
  19 orcs
  4 endoplasms (Lair:5)
  17 goblins
  9 hobgoblins
  6 kobolds (D:4)
  10 foxfires
565 creatures vanquished.

Grand Total: 2401 creatures vanquished

Notes
Turn   | Place    | Note
-------+----------+-------------------------------------------
     0 | D:1      | Pooter the Minotaur Monk began the quest for the Orb.
     0 | D:1      | Reached XP level 1. HP: 19/19 MP: 0/0
   547 | D:1      | Reached XP level 2. HP: 27/27 MP: 1/1
  1142 | D:2      | Reached skill level 1 in Ranged Weapons
  1299 | D:2      | Reached XP level 3. HP: 28/33 MP: 2/2
  1677 | D:2      | Found a faded altar of an unknown god.
  1813 | D:2      | Noticed Natasha
  1817 | D:2      | Killed Natasha
  1818 | D:2      | Reached XP level 4. HP: 40/40 MP: 3/3
  1829 | D:2      | Noticed Natasha
  1831 | D:2      | Killed Natasha
  1931 | D:2      | Reached skill level 5 in Axes
  2152 | D:3      | Reached XP level 5. HP: 42/47 MP: 4/4
  2335 | D:2      | Noticed Natasha
  2561 | D:3      | Reached XP level 6. HP: 44/55 MP: 5/5
  2670 | D:3      | Reached skill level 5 in Fighting
  2950 | D:4      | Reached XP level 7. HP: 49/61 MP: 6/6
  3034 | D:4      | Reached skill level 5 in Ranged Weapons
  3078 | D:4      | Found a glowing drain.
  3095 | Sewer    | Entered a sewer
  5045 | Sewer    | Found a viscous altar of Jiyva.
  5059 | Sewer    | Became a worshipper of Jiyva Jaga the Shapeless
  5059 | Sewer    | Reached * piety under Jiyva
  5059 | Sewer    | Reached ** piety under Jiyva
  5986 | D:5      | Entered Level 5 of the Dungeon
  5991 | D:5      | Reached XP level 8. HP: 66/70 MP: 7/7
  6040 | D:5      | Reached *** piety under Jiyva
  6054 | D:5      | Found a basalt altar of Yredelemnul.
  6173 | D:5      | Noticed Menkaure
  6177 | D:5      | Killed Menkaure
  6248 | D:5      | Noticed Duvessa
  6258 | D:5      | Killed Duvessa
  6264 | D:5      | Noticed Dowan
  6272 | D:5      | Killed Dowan
  6743 | D:6      | Reached XP level 9. HP: 79/79 MP: 8/8
  6937 | D:6      | Reached skill level 10 in Axes
  6964 | D:6      | Gained mutation: Your mind is acute. (Int +4, Str/Dex -1)
                  | [Jiyva's grace]
  6964 | D:6      | Gained mutation: Your mind is very acute. (Int +8, Str/Dex
                  | -2) [Jiyva's grace]
  6964 | D:6      | Gained mutation: Your rubbery body absorbs attacks. (AC +1,
                  | EV +1) [Jiyva's grace]
  6964 | D:6      | Gained mutation: Your pliable body absorbs attacks. (AC +2,
                  | EV +2) [Jiyva's grace]
  7518 | D:7      | Reached **** piety under Jiyva
  7716 | D:7      | Found a staircase to the Ecumenical Temple.
  7890 | D:8      | Reached skill level 1 in Maces & Flails
  7963 | D:8      | Paralysed by a hornet for 2 turns
  8161 | D:8      | Reached XP level 10. HP: 90/90 MP: 9/9
  8188 | D:8      | Noticed Maurice
  8193 | D:8      | Something stole a +4 halberd
  8204 | D:8      | Something stole an orb of light
  8206 | D:8      | Killed Maurice
  8207 | D:8      | Reached skill level 10 in Ranged Weapons
  8493 | D:8      | Found a glowing golden altar of the Shining One.
  8799 | D:9      | Identified a scroll of acquirement
  8908 | D:9      | Found a flagged portal.
  8931 | Bailey   | Entered a bailey
  9339 | Bailey   | Identified the +6 scale mail of the Camelopard {rElec rN+++
                  | Will- Dex+4}
  9339 | Bailey   | Noticed an orc warlord
  9360 | Bailey   | Killed an orc warlord
  9567 | Bailey   | Gained mutation: Your gelatinous body deflects attacks. (AC
                  | +3, EV +3) [Jiyva's grace]
  9567 | Bailey   | Gained mutation: Your translucent skin slightly reduces
                  | your foes' accuracy. (Stealth+) [Jiyva's grace]
  9567 | Bailey   | Gained mutation: Your translucent skin reduces your foes'
                  | accuracy. (Stealth+) [Jiyva's grace]
  9567 | Bailey   | Gained mutation: Your transparent skin significantly
                  | reduces your foes' accuracy. (Stealth+) [Jiyva's grace]
  9727 | D:9      | Found a staircase to the Orcish Mines.
  9734 | D:9      | Got the Collected Works on Unified Soot
 10083 | D:9      | Reached ***** piety under Jiyva
 10254 | D:9      | Acquired the +3 warlock's mirror {omnireflect}
 10254 | D:9      | Found the +3 warlock's mirror {omnireflect}
 10606 | D:10     | Entered Level 10 of the Dungeon
 10843 | D:10     | Reached XP level 11. HP: 97/97 MP: 10/10
 11264 | D:10     | Reached skill level 5 in Maces & Flails
 11312 | D:10     | Found a broken altar of Ashenzari.
 11313 | D:10     | Found a hide-covered altar of Uskayaw.
 11454 | D:11     | Lost mutation: Your gelatinous body deflects attacks. (AC
                  | +3, EV +3) [Jiyva's grace]
 11454 | D:11     | Lost mutation: Your pliable body absorbs attacks. (AC +2,
                  | EV +2) [Jiyva's grace]
 11454 | D:11     | Lost mutation: Your rubbery body absorbs attacks. (AC +1,
                  | EV +1) [Jiyva's grace]
 11454 | D:11     | Lost mutation: Your transparent skin significantly reduces
                  | your foes' accuracy. (Stealth+) [Jiyva's grace]
 11454 | D:11     | Gained mutation: You have sharp toenails. [Jiyva's grace]
 11454 | D:11     | Gained mutation: You have razor-sharp toenails. [Jiyva's
                  | grace]
 11454 | D:11     | Gained mutation: You have claws for feet. [Jiyva's grace]
 11454 | D:11     | Gained mutation: Your flesh is cold resistant. (rC+)
                  | [Jiyva's grace]
 11495 | D:11     | Noticed a white ugly thing
 11504 | D:11     | Killed a white ugly thing
 11859 | D:11     | Found a staircase to the Lair.
 11903 | D:11     | Identified the +1 scale mail of Sunlight {rF- Str+7}
 12135 | D:11     | Found Yntafeapp's Antique Armour Boutique.
 12140 | D:11     | Bought a glowing cloak for 240 gold pieces
 12190 | D:11     | Noticed an ice dragon
 12431 | D:11     | Killed an ice dragon
 12432 | D:11     | Reached skill level 10 in Fighting
 12640 | Lair:1   | Entered Level 1 of the Lair of Beasts
 12958 | Lair:1   | Found a runed translucent gate.
 12958 | Lair:1   | Found a runed translucent gate.
 12958 | Lair:1   | Found a runed translucent gate.
 12961 | Lair:1   | Noticed Firil's ghost (journeyman OpFE)
 13037 | Lair:1   | Noticed a minotaur
 13502 | Lair:2   | Reached XP level 12. HP: 108/108 MP: 11/11
 13713 | Lair:2   | Reached skill level 15 in Axes
 13789 | Lair:2   | Lost mutation: Your mind is very acute. (Int +8, Str/Dex
                  | -2) [Jiyva's grace]
 13789 | Lair:2   | Gained mutation: You expend magic power (3 MP) to
                  | strengthen your wands. [Jiyva's grace]
 13789 | Lair:2   | Gained mutation: Your rubbery body absorbs attacks. (AC +1,
                  | EV +1) [Jiyva's grace]
 13789 | Lair:2   | Gained mutation: Your pliable body absorbs attacks. (AC +2,
                  | EV +2) [Jiyva's grace]
 13789 | Lair:2   | Gained mutation: Your gelatinous body deflects attacks. (AC
                  | +3, EV +3) [Jiyva's grace]
 13806 | Lair:2   | Noticed a seven-headed hydra
 13809 | Lair:2   | Noticed Sonja
 13816 | Lair:2   | Killed Sonja
 13818 | Lair:2   | Killed a ten-headed hydra
 14398 | Lair:2   | Noticed a death yak
 14398 | Lair:2   | Noticed a death yak
 14399 | Lair:2   | Noticed a death yak
 14426 | Lair:1   | Killed a death yak
 14846 | Lair:2   | Noticed a death yak
 14847 | Lair:2   | Noticed a death yak
 14866 | Lair:1   | Killed a death yak
 14880 | Lair:1   | Killed a death yak
 14888 | Lair:2   | Noticed a death yak
 14895 | Lair:1   | Killed a death yak
 14906 | Lair:1   | Killed a death yak
 14919 | Lair:2   | Killed a death yak
 15347 | Lair:3   | Noticed Nessos
 15966 | Lair:3   | Killed Nessos
 16329 | Lair:3   | Noticed a death yak
 16339 | Lair:3   | Killed a death yak
 16369 | Lair:3   | Identified the +4 war axe of the Meager God {holy, *Noise
                  | Int+2 Dex+3}
 16408 | Lair:3   | Reached XP level 13. HP: 117/117 MP: 12/12
 16508 | Lair:3   | Found a staircase to the Swamp.
 16603 | Lair:3   | Found a staircase to the Snake Pit.
 17103 | Lair:4   | Lost mutation: Your mind is acute. (Int +4, Str/Dex -1)
                  | [Jiyva's grace]
 17103 | Lair:4   | Gained mutation: You have acidic saliva. [Jiyva's grace]
 17103 | Lair:4   | Gained mutation: You possess an exceptional clarity of
                  | mind. [Jiyva's grace]
 17103 | Lair:4   | Gained mutation: Your transparent skin significantly
                  | reduces your foes' accuracy. (Stealth+) [Jiyva's grace]
 17103 | Lair:4   | Gained mutation: You have a pair of large horns on your
                  | head. [Jiyva's grace]
 17113 | Lair:4   | a catoblepas changed into an azure jelly
 17113 | Lair:4   | Noticed an azure jelly
 17358 | Lair:4   | Reached skill level 15 in Ranged Weapons
 18049 | Lair:5   | Entered Level 5 of the Lair of Beasts
 18554 | Lair:5   | Found a viscous altar of Jiyva.
 18555 | Lair:5   | Found a staircase to the Slime Pits.
 18581 | Slime:1  | Entered Level 1 of the Pits of Slime
 18588 | Slime:1  | Noticed an acid blob
 18592 | Slime:2  | Noticed an acid blob
 18599 | Slime:2  | Noticed an azure jelly
 18606 | Slime:2  | Noticed a quicksilver ooze
 18609 | Slime:3  | Noticed an azure jelly
 18609 | Slime:3  | Noticed a quicksilver ooze
 18615 | Slime:4  | Noticed an acid blob
 18622 | Slime:5  | Entered Level 5 of the Pits of Slime
 18622 | Slime:5  | Noticed a quicksilver ooze
 18642 | Slime:5  | Noticed a quicksilver ooze
 18645 | Slime:5  | Noticed an acid blob
 18659 | Slime:5  | Noticed an azure jelly
 18706 | Slime:5  | Noticed an acid blob
 18715 | Slime:5  | Noticed an acid blob
 18715 | Slime:5  | Noticed a quicksilver ooze
 18716 | Slime:5  | Noticed an acid blob
 18717 | Slime:5  | Found a viscous altar of Jiyva.
 18724 | Slime:5  | Noticed an acid blob
 18728 | Slime:5  | Noticed an azure jelly
 18732 | Slime:5  | Noticed an acid blob
 18732 | Slime:5  | Noticed a quicksilver ooze
 18734 | Slime:5  | Noticed a rockslime
 18744 | Slime:5  | Noticed an acid blob
 18744 | Slime:5  | Noticed a quicksilver ooze
 18748 | Slime:5  | Noticed an acid blob
 18847 | Slime:5  | Found the +8 demon trident "Rift" {distort, reach+}
 18847 | Slime:5  | Found the necklace of Bloodlust {Fury *Rage Will++ Int-3
                  | Slay+6}
 18864 | Slime:5  | Noticed an acid blob
 18869 | Slime:5  | Noticed a formless jellyfish
 18871 | Slime:5  | Noticed the Royal Jelly
 18873 | Slime:5  | Noticed a formless jellyfish
 18874 | Slime:5  | Noticed a formless jellyfish
 19128 | Lair:5   | Lost mutation: You have claws for feet. [Jiyva's grace]
 19128 | Lair:5   | Lost mutation: Your gelatinous body deflects attacks. (AC
                  | +3, EV +3) [Jiyva's grace]
 19128 | Lair:5   | Lost mutation: Your pliable body absorbs attacks. (AC +2,
                  | EV +2) [Jiyva's grace]
 19128 | Lair:5   | Lost mutation: Your transparent skin significantly reduces
                  | your foes' accuracy. (Stealth+) [Jiyva's grace]
 19128 | Lair:5   | Lost mutation: Your translucent skin reduces your foes'
                  | accuracy. (Stealth+) [Jiyva's grace]
 19128 | Lair:5   | Lost mutation: You expend magic power (3 MP) to strengthen
                  | your wands. [Jiyva's grace]
 19128 | Lair:5   | Gained mutation: Your pliable body absorbs attacks. (AC +2,
                  | EV +2) [Jiyva's grace]
 19128 | Lair:5   | Gained mutation: Your gelatinous body deflects attacks. (AC
                  | +3, EV +3) [Jiyva's grace]
 19128 | Lair:5   | Gained mutation: Your mind is acute. (Int +4, Str/Dex -1)
                  | [Jiyva's grace]
 19128 | Lair:5   | Gained mutation: Your mind is very acute. (Int +8, Str/Dex
                  | -2) [Jiyva's grace]
 19202 | Lair:5   | Identified the +1 trident "Setar" {antimagic, Will+ Int+4}
 19205 | Lair:5   | Identified the +2 leather armour of Rupnum {Str-2 Dex+3
                  | SInv Stlth+}
 19699 | Lair:5   | Reached XP level 14. HP: 103/127 MP: 13/13
 19723 | Lair:5   | Reached skill level 1 in Evocations
 20180 | Orc:1    | Entered Level 1 of the Orcish Mines
 20180 | Orc:1    | Found Selipacs's Magic Scroll Shoppe.
 20253 | Orc:1    | Noticed Fannar
 20262 | Orc:1    | Killed Fannar
 20557 | Orc:1    | Gained mutation: You have hidden genetic defects. [a
                  | neqoxec]
 20592 | Orc:1    | Bought a scroll of identify for 32 gold pieces
 20592 | Orc:1    | Bought a scroll of blinking for 120 gold pieces
 20592 | Orc:1    | Bought a scroll of blinking for 120 gold pieces
 20592 | Orc:1    | Bought a scroll of identify for 32 gold pieces
 20592 | Orc:1    | Bought a scroll of identify for 32 gold pieces
 20592 | Orc:1    | Bought a scroll of fog for 64 gold pieces
 20592 | Orc:1    | Bought a scroll of poison for 64 gold pieces
 20721 | Orc:2    | Entered Level 2 of the Orcish Mines
 20986 | Orc:2    | Found a staircase to the Elven Halls.
 21495 | Orc:2    | Noticed Snorg
 21503 | Orc:2    | Gained mutation: You are weak. (Str -2) [hidden defects]
 21506 | Orc:2    | Killed Snorg
 21512 | Orc:2    | Reached skill level 5 in Dodging
 21596 | Orc:2    | Lost mutation: You possess an exceptional clarity of mind.
                  | [Jiyva's grace]
 21596 | Orc:2    | Lost mutation: Your flesh is cold resistant. (rC+) [Jiyva's
                  | grace]
 21596 | Orc:2    | Lost mutation: Your translucent skin slightly reduces your
                  | foes' accuracy. (Stealth+) [Jiyva's grace]
 21596 | Orc:2    | Lost mutation: You have hidden genetic defects. [Jiyva's
                  | grace]
 21596 | Orc:2    | Gained mutation: You passively dampen the noise of your
                  | surroundings. [Jiyva's grace]
 21596 | Orc:2    | Gained mutation: Your body has grown eyes which may confuse
                  | attackers. (Acc +3) [Jiyva's grace]
 21596 | Orc:2    | Gained mutation: Your body has grown many eyes which may
                  | confuse attackers. (Acc +5) [Jiyva's grace]
 21596 | Orc:2    | Gained mutation: Your body is covered in eyes which may
                  | confuse attackers. (Acc +7, SInv) [Jiyva's grace]
 21746 | Orc:2    | Found Jiungy's Assorted Antiques.
 21747 | Orc:2    | Found Wiecib's General Store.
 21747 | Orc:2    | Found Watoixy's Antique Armour Shop.
 21747 | Orc:2    | Found Wat Qobbia's General Store.
 21754 | Orc:2    | Bought a potion of attraction for 45 gold pieces
 21755 | Orc:2    | Bought a scroll of identify for 62 gold pieces
 21755 | Orc:2    | Bought a scroll labelled ALIATO NOOCYECIPE for 31 gold
                  | pieces
 21758 | Orc:2    | Bought a scroll of identify for 22 gold pieces
 21925 | D:12     | Noticed Azrael
 21935 | D:11     | Killed Azrael
 22600 | D:12     | Acquired a manual of Armour
 22923 | D:13     | Acquired the +1 pair of gloves of the Iron Devil {^Contam
                  | Regen+ Int+2}
 22944 | D:13     | Reached skill level 1 in Armour
 22952 | D:13     | Found a gate leading to a gauntlet.
 22956 | Gauntlet | Entered a Gauntlet
 22956 | Gauntlet | Found a transporter.
 22956 | Gauntlet | Found a transporter.
 22960 | Gauntlet | Found a transporter.
 22960 | Gauntlet | Found a transporter.
 22965 | Gauntlet | Found a transporter.
 22965 | Gauntlet | Found a transporter.
 23000 | Gauntlet | Found a transporter.
 23001 | Gauntlet | Found a transporter.
 23004 | Gauntlet | Identified the ring "Imuimuwy" {rElec rCorr Int+3 Dex+4
                  | SInv}
 23009 | Gauntlet | Found a transporter.
 23009 | Gauntlet | Found a transporter.
 23033 | Gauntlet | Found a transporter.
 23052 | Gauntlet | Identified the +1 cloak "Emmaif" {Str+3}
 23067 | Gauntlet | Found a transporter.
 23079 | Gauntlet | Identified the ring of Etos {rPois rC+ Will+ Str+2}
 23107 | Gauntlet | Identified the +1 troll leather armour of Dozxacw {Harm
                  | +Blink rElec Regen+ Stlth+}
 23108 | Gauntlet | Got the Quarto of Confrontation
 23175 | D:13     | Found a runed translucent gate.
 23175 | D:13     | Found a runed translucent gate.
 23175 | D:13     | Found a runed translucent gate.
 23176 | D:13     | Noticed Sweeb's ghost (journeyman TeMo)
 23194 | D:13     | Reached XP level 15. HP: 137/137 MP: 14/14
 23287 | D:13     | Lost mutation: Your mind is very acute. (Int +8, Str/Dex
                  | -2) [Jiyva's grace]
 23287 | D:13     | Lost mutation: Your body is covered in eyes which may
                  | confuse attackers. (Acc +7, SInv) [Jiyva's grace]
 23287 | D:13     | Lost mutation: Your gelatinous body deflects attacks. (AC
                  | +3, EV +3) [Jiyva's grace]
 23287 | D:13     | Gained mutation: You are partially covered in large bone
                  | plates. (SH +4) [Jiyva's grace]
 23287 | D:13     | Gained mutation: You are mostly covered in large bone
                  | plates. (SH +6) [Jiyva's grace]
 23287 | D:13     | Gained mutation: You are completely covered in large bone
                  | plates. (SH +8) [Jiyva's grace]
 23287 | D:13     | Gained mutation: You are covered in slimy tendrils that may
                  | disarm your opponents. [Jiyva's grace]
 23342 | D:13     | Found a gate to the Vaults.
 23342 | D:13     | Noticed Urug
 23351 | D:13     | Killed Urug
 23728 | D:13     | Found an iron altar of Okawaru.
 23753 | D:13     | Killed Sweeb's ghost
 23762 | D:13     | Identified the +5 ring mail of Beogh's Supremacy {rPois}
 23924 | D:13     | Reached skill level 5 in Armour
 24151 | D:14     | Identified the staff "Xejeiw" {rElec rN+ Air}
 24327 | Orc:2    | Bought a wand of iceblast (5) for 180 gold pieces
 24359 | Orc:2    | Paralysed by an ogre mage for 3 turns
 24510 | D:14     | Identified the -2 cloak of the Sturgeon {rF+ Will+ Str-3
                  | Dex+2}
 25048 | D:15     | Entered Level 15 of the Dungeon
 25126 | D:15     | Reached skill level 5 in Evocations
 25475 | D:15     | Found a staircase to the Depths.
 25594 | D:15     | Lost mutation: You are weak. (Str -2) [Jiyva's grace]
 25594 | D:15     | Gained mutation: You have a small jelly attached to you
                  | that may absorb projectiles. [Jiyva's grace]
 25594 | D:15     | Gained mutation: You passively map a small area around you.
                  | [Jiyva's grace]
 25594 | D:15     | Gained mutation: You passively map the area around you.
                  | [Jiyva's grace]
 25594 | D:15     | Gained mutation: You passively map a large area around you.
                  | [Jiyva's grace]
 25831 | Snake:1  | Entered Level 1 of the Snake Pit
 26161 | Snake:1  | Reached XP level 16. HP: 138/147 MP: 1/15
 26166 | Snake:1  | Reached skill level 15 in Fighting
 26286 | Snake:1  | Noticed Mlioglotl
 26295 | Snake:1  | Killed Mlioglotl
 27009 | Snake:2  | Reached skill level 10 in Armour
 27056 | Snake:2  | Found Luecw's Jewellery Shop.
 27057 | Snake:2  | Found Asahar's Book Emporium.
 27058 | Snake:2  | Found Inicinu's Jewellery Shop.
 27141 | Snake:2  | Acquired the +7 crystal plate armour "Qeukhlymo" {rElec}
 27542 | Snake:3  | Reached skill level 1 in Throwing
 27574 | Snake:3  | Lost mutation: You are covered in slimy tendrils that may
                  | disarm your opponents. [Jiyva's grace]
 27574 | Snake:3  | Gained mutation: You are partially covered in iridescent
                  | scales. (AC +2) [Jiyva's grace]
 27574 | Snake:3  | Gained mutation: You are mostly covered in iridescent
                  | scales. (AC +4) [Jiyva's grace]
 27574 | Snake:3  | Gained mutation: You are completely covered in iridescent
                  | scales. (AC +6) [Jiyva's grace]
 27574 | Snake:3  | Gained mutation: You expend magic power (3 MP) to
                  | strengthen your wands. [Jiyva's grace]
 28242 | Snake:3  | Found Uhanay's Armour Shoppe.
 28567 | Snake:4  | Entered Level 4 of the Snake Pit
 28654 | Snake:4  | Noticed Roxanne
 28811 | Snake:4  | Noticed Vashnia
 28896 | Snake:4  | Noticed Louise
 28903 | Snake:4  | Killed Louise
 29020 | Snake:4  | Reached skill level 5 in Throwing
 29151 | Snake:4  | Found Puckoph's Weapon Shop.
 29161 | Snake:4  | Noticed Bai Suzhen
 29187 | Snake:4  | Slimified Bai Suzhen
 29187 | Snake:4  | Bai Suzhen changed into Bai Suzhen the acid blob
 29187 | Snake:4  | Noticed Bai Suzhen
 29289 | Snake:4  | Killed Bai Suzhen the acid blob
 29297 | Snake:4  | Reached XP level 17. HP: 141/158 MP: 16/16
 29302 | Snake:4  | Killed Vashnia
 29479 | Snake:4  | Reached skill level 1 in Shields
 29638 | Snake:4  | Reached skill level 2 in Shields
 29684 | Snake:4  | Reached skill level 3 in Shields
 29791 | Snake:4  | Reached skill level 4 in Shields
 29846 | Snake:4  | Noticed Saint Roka
 29859 | Snake:4  | Slimified Saint Roka
 29859 | Snake:4  | Saint Roka changed into Saint Roka the azure jelly
 29859 | Snake:4  | Noticed Saint Roka
 29909 | Snake:4  | Got a serpentine rune of Zot
 29959 | Snake:4  | Reached skill level 5 in Shields
 30151 | Snake:4  | Killed Roxanne
 30161 | Snake:4  | Upgraded the game from 0.31.0-4-g52a2dc7128 to
                  | 0.31.0-9-g3a7656b989
 30244 | Swamp:1  | Entered Level 1 of the Swamp
 30310 | Swamp:1  | Lost mutation: You are completely covered in iridescent
                  | scales. (AC +6) [Jiyva's grace]
 30310 | Swamp:1  | Lost mutation: You are completely covered in large bone
                  | plates. (SH +8) [Jiyva's grace]
 30310 | Swamp:1  | Lost mutation: You passively map a large area around you.
                  | [Jiyva's grace]
 30310 | Swamp:1  | Lost mutation: You passively map the area around you.
                  | [Jiyva's grace]
 30310 | Swamp:1  | Gained mutation: You have sharp fingernails. [Jiyva's
                  | grace]
 30310 | Swamp:1  | Gained mutation: You have very sharp fingernails. [Jiyva's
                  | grace]
 30310 | Swamp:1  | Gained mutation: You have claws for hands. [Jiyva's grace]
 30310 | Swamp:1  | Gained mutation: You possess an exceptional clarity of
                  | mind. [Jiyva's grace]
 30319 | Swamp:1  | Lost mutation: Your mind is acute. (Int +4, Str/Dex -1)
                  | [mutagenic glow]
 30566 | Swamp:1  | Identified the serpent talisman "Xiat" {rElec rC- Will-
                  | Stlth+}
 30566 | Swamp:1  | Noticed Aizul
 30574 | Swamp:1  | Slimified Aizul
 30574 | Swamp:1  | Aizul changed into Aizul the acid blob
 30574 | Swamp:1  | Noticed Aizul
 30727 | Snake:2  | Bought a ring of flight for 227 gold pieces
 30818 | Swamp:1  | Reached skill level 6 in Shields
 31752 | Swamp:2  | Identified the +2 scale mail "Nemerul" {rN+ Dex-5 Slay+4
                  | Stlth+}
 31767 | Swamp:2  | Noticed Donald
 31784 | Swamp:2  | Killed Donald
 31919 | Swamp:2  | Reached skill level 15 in Armour
 31951 | Swamp:2  | Identified the +6 morningstar "Yhain" {flame, rElec rF+
                  | Stlth-}
 32352 | Swamp:3  | Lost mutation: You are mostly covered in iridescent scales.
                  | (AC +4) [Jiyva's grace]
 32352 | Swamp:3  | Lost mutation: You are mostly covered in large bone plates.
                  | (SH +6) [Jiyva's grace]
 32352 | Swamp:3  | Lost mutation: You passively map a small area around you.
                  | [Jiyva's grace]
 32352 | Swamp:3  | Lost mutation: Your body has grown many eyes which may
                  | confuse attackers. (Acc +5) [Jiyva's grace]
 32352 | Swamp:3  | Lost mutation: Your body has grown eyes which may confuse
                  | attackers. (Acc +3) [Jiyva's grace]
 32352 | Swamp:3  | Gained mutation: You have a small jelly attached to you
                  | that senses nearby items. [Jiyva's grace]
 32352 | Swamp:3  | Gained mutation: Your flesh is cold resistant. (rC+)
                  | [Jiyva's grace]
 32352 | Swamp:3  | Gained mutation: Your flesh is very cold resistant. (rC++)
                  | [Jiyva's grace]
 32352 | Swamp:3  | Gained mutation: Your flesh is almost immune to the effects
                  | of cold. (rC+++) [Jiyva's grace]
 32574 | Swamp:3  | Reached XP level 18. HP: 162/170 MP: 17/17
 32811 | Swamp:4  | Entered Level 4 of the Swamp
 33202 | Swamp:4  | Noticed the 27-headed Lernaean hydra
 33207 | Swamp:4  | Slimified the 27-headed Lernaean hydra
 33207 | Swamp:4  | the 27-headed Lernaean hydra changed into an acid blob
                  | shaped Lernaean hydra
 33207 | Swamp:4  | Noticed an acid blob shaped Lernaean hydra
 33212 | Swamp:4  | Got a decaying rune of Zot
 33637 | Swamp:4  | Noticed Nikola
 33644 | Swamp:4  | Killed Nikola
 34024 | Lair:1   | Killed Firil's ghost
 34252 | D:2      | Killed Natasha
 34398 | Elf:1    | Entered Level 1 of the Elven Halls
 34406 | Elf:1    | Killed Skeral's ghost
 34760 | Elf:1    | Got the Reference Book on Productive Impulse
 34823 | Abyss:2  | Reached ****** piety under Jiyva
 34823 | Abyss:2  | Cast into level 2 of the Abyss (a deep elf sorcerer)
 34874 | Abyss:2  | Found a corrupted altar of Lugonu.
 34889 | Abyss:2  | Found a corrupted altar of Lugonu.
 34983 | Abyss:2  | Found a corrupted altar of Lugonu.
 34992 | Elf:1    | Escaped the Abyss
 35542 | Slime:5  | Identified the ring "Zoxyfof" {Int+6 Dex+6}
 35544 | Slime:5  | Identified the +7 hand axe "Byesaly" {venom, Str+3 Dex+2}
 35565 | Slime:5  | Got a slimy rune of Zot
 35566 | Slime:5  | Identified the +0 hand axe of Contention {elec, rElec rF-
                  | rC+ rN+}
 35571 | Slime:5  | Got a starry gem with 9 turns to spare
 35579 | Slime:5  | Lost the starry gem through the power of Zot.
 35863 | Elf:1    | Lost mutation: You have claws for hands. [Jiyva's grace]
 35863 | Elf:1    | Gained mutation: You are mostly covered in iridescent
                  | scales. (AC +4) [Jiyva's grace]
 35863 | Elf:1    | Gained mutation: You are completely covered in iridescent
                  | scales. (AC +6) [Jiyva's grace]
 35863 | Elf:1    | Gained mutation: You are robust. (+10% HP) [Jiyva's grace]
 35863 | Elf:1    | Gained mutation: You are very robust. (+20% HP) [Jiyva's
                  | grace]
 35883 | Elf:1    | Found a runed translucent gate.
 35884 | Elf:1    | Found a runed translucent gate.
 35884 | Elf:1    | Found a runed translucent gate.
 36304 | Elf:1    | Found a viscous altar of Jiyva.
 36630 | Elf:2    | Reached XP level 19. HP: 210/211 MP: 18/18
 36670 | Elf:2    | Found a runed translucent gate.
 36671 | Elf:2    | Found a runed translucent gate.
 36671 | Elf:2    | Found a runed translucent gate.
 36743 | Elf:2    | Reached skill level 10 in Throwing
 36997 | Elf:2    | Reached skill level 10 in Evocations
 37439 | Elf:3    | Entered Level 3 of the Elven Halls
 37515 | Elf:3    | Identified the +1 quarterstaff "Resen" {freeze, ^Fragile
                  | Fly rElec rN++}
 37825 | Snake:2  | Bought an amulet of regeneration for 570 gold pieces
 38101 | Elf:3    | Paralysed by an air elemental for 1 turns
 38179 | Elf:3    | Lost mutation: You are completely covered in iridescent
                  | scales. (AC +6) [Jiyva's grace]
 38179 | Elf:3    | Lost mutation: Your pliable body absorbs attacks. (AC +2,
                  | EV +2) [Jiyva's grace]
 38179 | Elf:3    | Gained mutation: Your translucent skin slightly reduces
                  | your foes' accuracy. (Stealth+) [Jiyva's grace]
 38179 | Elf:3    | Gained mutation: Your translucent skin reduces your foes'
                  | accuracy. (Stealth+) [Jiyva's grace]
 38179 | Elf:3    | Gained mutation: Your transparent skin significantly
                  | reduces your foes' accuracy. (Stealth+) [Jiyva's grace]
 38179 | Elf:3    | Gained mutation: You are resistant to electric shocks.
                  | (rElec) [Jiyva's grace]
 38188 | Elf:3    | Found Kockuuvo's Book Boutique.
 38205 | Elf:3    | Found Fomann's Antique Weapon Boutique.
 38419 | Elf:3    | Found Illepn's Antique Weapon Shop.
 40413 | Elf:3    | Identified the +1 halberd of Pride {elec, Will+ SInv}
 40912 | Elf:3    | Identified the staff of Doxesm {rElec Str+2 Int+3 Necro
                  | Air}
 41169 | Elf:3    | Got the Notes on the United Volcano
 41176 | Elf:3    | Got the Precepts of Guile
 41500 | Vaults:1 | Entered Level 1 of the Vaults
 41607 | Vaults:1 | Reached XP level 20. HP: 220/229 MP: 19/19
 41622 | Vaults:1 | Identified the +5 robe of Tomorrow {rElec}
 41688 | Vaults:1 | Reached skill level 7 in Shields
 41941 | Vaults:1 | Reached skill level 8 in Shields
 42051 | Vaults:1 | Lost mutation: You have very sharp fingernails. [Jiyva's
                  | grace]
 42051 | Vaults:1 | Lost mutation: You are mostly covered in iridescent scales.
                  | (AC +4) [Jiyva's grace]
 42051 | Vaults:1 | Lost mutation: You possess an exceptional clarity of mind.
                  | [Jiyva's grace]
 42051 | Vaults:1 | Lost mutation: You are resistant to electric shocks.
                  | (rElec) [Jiyva's grace]
 42051 | Vaults:1 | Lost mutation: You have a small jelly attached to you that
                  | may absorb projectiles. [Jiyva's grace]
 42051 | Vaults:1 | Gained mutation: You possess an exceptional clarity of
                  | mind. [Jiyva's grace]
 42051 | Vaults:1 | Gained mutation: Your melee attacks may engulf your foes in
                  | ooze. [Jiyva's grace]
 42051 | Vaults:1 | Gained mutation: You have claws for feet. [Jiyva's grace]
 42051 | Vaults:1 | Gained mutation: Armour fits poorly on your pseudopods.
                  | [Jiyva's grace]
 42278 | Vaults:1 | Reached skill level 9 in Shields
 42593 | Vaults:2 | Reached skill level 10 in Shields
 42683 | Vaults:2 | Reached skill level 11 in Shields
 42685 | Vaults:2 | Found a staircase to the Crypt.
 43030 | Vaults:2 | Reached skill level 12 in Shields
 43602 | Vaults:2 | Reached skill level 13 in Shields
 44119 | Vaults:3 | Lost mutation: You have sharp fingernails. [Jiyva's grace]
 44119 | Vaults:3 | Lost mutation: Your flesh is almost immune to the effects
                  | of cold. (rC+++) [Jiyva's grace]
 44119 | Vaults:3 | Lost mutation: You passively dampen the noise of your
                  | surroundings. [Jiyva's grace]
 44119 | Vaults:3 | Gained mutation: You are extremely robust. (+30% HP)
                  | [Jiyva's grace]
 44119 | Vaults:3 | Lost mutation: You have claws for feet. [Jiyva's grace]
 44119 | Vaults:3 | Lost mutation: You have razor-sharp toenails. [Jiyva's
                  | grace]
 44119 | Vaults:3 | Lost mutation: You have sharp toenails. [Jiyva's grace]
 44119 | Vaults:3 | Gained mutation: You have large cloven feet. [Jiyva's
                  | grace]
 44119 | Vaults:3 | Gained mutation: You have hoof-like feet. [Jiyva's grace]
 44119 | Vaults:3 | Gained mutation: You have hooves in place of feet. [Jiyva's
                  | grace]
 44608 | Vaults:3 | Reached skill level 14 in Shields
 44613 | Vaults:3 | Reached XP level 21. HP: 249/260 MP: 20/20
 45081 | Vaults:4 | Noticed Zenata
 45093 | Vaults:4 | Killed Zenata
 45096 | Vaults:4 | Reached skill level 15 in Shields
 45457 | Vaults:4 | Reached skill level 16 in Shields
 45830 | Vaults:4 | Lost mutation: You have hooves in place of feet. [Jiyva's
                  | grace]
 45830 | Vaults:4 | Lost mutation: You have hoof-like feet. [Jiyva's grace]
 45830 | Vaults:4 | Lost mutation: You possess an exceptional clarity of mind.
                  | [Jiyva's grace]
 45830 | Vaults:4 | Lost mutation: You have acidic saliva. [Jiyva's grace]
 45830 | Vaults:4 | Lost mutation: Armour fits poorly on your pseudopods.
                  | [Jiyva's grace]
 45830 | Vaults:4 | Lost mutation: Your transparent skin significantly reduces
                  | your foes' accuracy. (Stealth+) [Jiyva's grace]
 45830 | Vaults:4 | Lost mutation: Your translucent skin reduces your foes'
                  | accuracy. (Stealth+) [Jiyva's grace]
 45830 | Vaults:4 | Lost mutation: You have a small jelly attached to you that
                  | senses nearby items. [Jiyva's grace]
 45830 | Vaults:4 | Gained mutation: Armour fits poorly on your pseudopods.
                  | [Jiyva's grace]
 45830 | Vaults:4 | Gained mutation: Armour fits poorly on your large
                  | pseudopods. [Jiyva's grace]
 45830 | Vaults:4 | Gained mutation: Armour fits poorly on your massive
                  | pseudopods. [Jiyva's grace]
 45830 | Vaults:4 | Gained mutation: You have acidic saliva. [Jiyva's grace]
 46110 | Depths:1 | Entered Level 1 of the Depths
 46174 | Depths:1 | Reached skill level 17 in Shields
 46589 | Depths:1 | Reached skill level 18 in Shields
 47014 | Depths:1 | Found a gateway to Hell.
 47038 | Depths:1 | Reached XP level 22. HP: 151/279 MP: 21/21
 47082 | Hell     | Entered the Vestibule of Hell
 47513 | Depths:2 | Found a one-way gate leading to the halls of Pandemonium.
 47781 | Depths:2 | Reached skill level 19 in Shields
 47951 | Depths:2 | Noticed a juggernaut
 47970 | Depths:2 | Killed a juggernaut
 48125 | Depths:2 | Lost mutation: You are partially covered in iridescent
                  | scales. (AC +2) [Jiyva's grace]
 48125 | Depths:2 | Lost mutation: You are extremely robust. (+30% HP) [Jiyva's
                  | grace]
 48125 | Depths:2 | Lost mutation: Armour fits poorly on your massive
                  | pseudopods. [Jiyva's grace]
 48125 | Depths:2 | Lost mutation: Your melee attacks may engulf your foes in
                  | ooze. [Jiyva's grace]
 48125 | Depths:2 | Gained mutation: You are somewhat resistant to further
                  | mutation. [Jiyva's grace]
 48125 | Depths:2 | Gained mutation: You are somewhat resistant to both further
                  | mutation and mutation removal. [Jiyva's grace]
 48125 | Depths:2 | Gained mutation: You are almost entirely resistant to
                  | further mutation and mutation removal. [Jiyva's grace]
 48125 | Depths:2 | Gained mutation: You have a small jelly attached to you
                  | that may absorb projectiles. [Jiyva's grace]
 48357 | Depths:3 | Acquired 578 gold pieces
 48414 | Depths:3 | Reached skill level 20 in Shields
 48426 | Depths:3 | Found a one-way gate to the infinite horrors of the Abyss.
 48551 | Depths:3 | Noticed a caustic shrike
 48559 | Depths:3 | Killed a caustic shrike
 48946 | Depths:3 | Found a blossoming altar of Fedhas.
 48984 | Depths:4 | Entered Level 4 of the Depths
 49047 | Depths:4 | Found a gate to the Realm of Zot.
 49052 | Depths:4 | Got a midnight gem with 217 turns to spare
 49054 | Zot:1    | Entered Level 1 of the Realm of Zot
 49107 | Zot:1    | Noticed a golden dragon
 49125 | Zot:1    | Killed a golden dragon
 49340 | Zot:1    | Reached skill level 21 in Shields
 49568 | Zot:1    | Noticed a curse toe
 49580 | Zot:1    | Killed a curse toe
 50044 | Zot:2    | Lost mutation: You have large cloven feet. [Jiyva's grace]
 50044 | Zot:2    | Lost mutation: You have a pair of large horns on your head.
                  | [Jiyva's grace]
 50044 | Zot:2    | Lost mutation: You are almost entirely resistant to further
                  | mutation and mutation removal. [Jiyva's grace]
 50044 | Zot:2    | Lost mutation: Your translucent skin slightly reduces your
                  | foes' accuracy. (Stealth+) [Jiyva's grace]
 50044 | Zot:2    | Lost mutation: You have a small jelly attached to you that
                  | may absorb projectiles. [Jiyva's grace]
 50044 | Zot:2    | Gained mutation: You are agile. (Dex +4, Str/Int -1)
                  | [Jiyva's grace]
 50044 | Zot:2    | Gained mutation: You are very agile. (Dex +8, Str/Int -2)
                  | [Jiyva's grace]
 50044 | Zot:2    | Gained mutation: Your flesh is almost immune to the effects
                  | of cold. (rC+++) [Jiyva's grace]
 50044 | Zot:2    | Gained mutation: Your pliable body absorbs attacks. (AC +2,
                  | EV +2) [Jiyva's grace]
 50274 | Zot:2    | Found a stormy altar of Qazlal.
 50527 | Zot:2    | Noticed a golden dragon
 50533 | Zot:2    | Killed a golden dragon
 50573 | Zot:2    | Reached skill level 22 in Shields
 50573 | Zot:2    | Reached XP level 23. HP: 250/268 MP: 22/22
 50858 | Zot:2    | You fall into a shaft and drop 1 floor!
 51018 | Zot:3    | Identified the ring of Coblisk {Ice Fly rPois}
 51018 | Zot:3    | Noticed Josephina
 51062 | Zot:2    | Killed Josephina
 51361 | Zot:3    | Reached skill level 23 in Shields
 51682 | Zot:3    | Noticed a Killer Klown
 51688 | Zot:3    | Slimified a Killer Klown
 51688 | Zot:3    | a Killer Klown changed into an acid blob
 52483 | Zot:3    | Reached skill level 24 in Shields
 52714 | Zot:4    | Lost mutation: Your flesh is almost immune to the effects
                  | of cold. (rC+++) [Jiyva's grace]
 52714 | Zot:4    | Lost mutation: You are somewhat resistant to both further
                  | mutation and mutation removal. [Jiyva's grace]
 52714 | Zot:4    | Lost mutation: You are very robust. (+20% HP) [Jiyva's
                  | grace]
 52714 | Zot:4    | Lost mutation: Your pliable body absorbs attacks. (AC +2,
                  | EV +2) [Jiyva's grace]
 52714 | Zot:4    | Gained mutation: Your mind is acute. (Int +4, Str/Dex -1)
                  | [Jiyva's grace]
 52714 | Zot:4    | Gained mutation: Your mind is very acute. (Int +8, Str/Dex
                  | -2) [Jiyva's grace]
 52714 | Zot:4    | Gained mutation: You are covered in slimy tendrils that may
                  | disarm your opponents. [Jiyva's grace]
 52714 | Zot:4    | Gained mutation: Armour fits poorly on your massive
                  | pseudopods. [Jiyva's grace]
 52730 | Zot:4    | Noticed a Killer Klown
 52738 | Zot:4    | Killed a Killer Klown
 53963 | Orc:2    | Bought 2 potions of haste for 300 gold pieces
 54160 | Snake:4  | Bought 6 curare-tipped darts for 129 gold pieces
 54358 | Orc:2    | Bought 6 silver javelins for 594 gold pieces
 54584 | Depths:2 | Lost the midnight gem through the power of Zot.
 54716 | Zot:5    | Entered Level 5 of the Realm of Zot
 55049 | Zot:5    | Found a burning altar of Makhleb.
 55388 | Zot:5    | Reached skill level 25 in Shields
 55388 | Zot:5    | Reached XP level 24. HP: 267/267 MP: 22/22
 55389 | Zot:5    | Upgraded the game from 0.31.0-9-g3a7656b989 to
                  | 0.31.0-10-gcf4a605ca0
 55815 | Snake:4  | Bought a +3 sling for 333 gold pieces
 56079 | Slime:5  | Identified the ring of the Burning Gods {Slay+3 SInv}
 56083 | Slime:5  | Identified the ring of Egoasuf {rF+ SInv}
 56085 | Slime:5  | Identified the +6 glaive "Xocryang" {speed, Will+ Str+4}
 56706 | Zot:5    | Noticed an orb of fire
 56708 | Zot:5    | Noticed an ancient lich
 56730 | Zot:5    | Noticed an orb of fire
 56763 | Zot:4    | Killed an orb of fire
 56815 | Zot:4    | Killed an orb of fire
 56981 | Zot:4    | Killed an ancient lich
 57362 | Zot:5    | Noticed a dread lich
 57374 | Zot:5    | Killed a dread lich
 57982 | Zot:5    | Noticed a dread lich
 58003 | Zot:5    | Killed a dread lich
 59516 | Zot:5    | Noticed a Killer Klown
 59529 | Zot:5    | Killed a Killer Klown
 60277 | Zot:5    | Noticed an ancient lich
 60290 | Zot:5    | Killed an ancient lich
 60291 | Zot:5    | Reached skill level 26 in Shields
 60402 | Zot:5    | Noticed an ancient lich
 60411 | Zot:5    | Killed an ancient lich
 60755 | Zot:5    | Noticed an ancient lich
 60771 | Zot:5    | Killed an ancient lich
 60884 | Zot:5    | Noticed a Killer Klown
 60886 | Zot:5    | Noticed an orb of fire
 60919 | Zot:5    | Noticed a Killer Klown
 60928 | Zot:5    | Noticed a Killer Klown
 60934 | Zot:5    | Killed an orb of fire
 60941 | Zot:5    | Killed a Killer Klown
 60946 | Zot:5    | Killed a Killer Klown
 60948 | Zot:5    | Killed a Killer Klown
 60951 | Zot:5    | Noticed an ancient lich
 61068 | Zot:5    | Killed an ancient lich
 61147 | Zot:5    | Got the Orb of Zot
 61214 | Zot:5    | Reached skill level 27 in Shields
 61303 | Zot:2    | Noticed Luoh the pandemonium lord
 61871 | D:$      | Escaped with the Orb!

Illustrated notes

Levels and vault maps discovered:
D:1:      matt_arrival_los_fun, layout_loops_cross, serial_forest,
          infiniplex_forest_clump_small, infiniplex_forest_lined_room_2,
          infiniplex_forest_straight_3, infiniplex_forest_split,
          infiniplex_forest_clump_medium, infiniplex_forest_end_2,
          infiniplex_forest_corner_1, infiniplex_forest_lined_3,
          infiniplex_forest_straight_2, infiniplex_forest_corner_1,
          dk_noncrumbling_4
D:2:      layout_basic, shapermc_ecumenical_altar_mp_ritualfount,
          minmay_misc_feat_hallway, uniq_natasha
D:3:      layout_basic
D:4:      corexii_shantytown, layout_basic, gup_sewer_entry_pipe
D:5:      layout_rooms, old_standard_altar, nicolae_zen_rock_garden,
          nicolae_concentric_dashed_squares_mild, uniq_menkaure, uniq_duvessa
D:6:      layout_basic
D:7:      layout_basic, minmay_temple_entry_poolview, grunt_ministairs_8,
          minmay_misc_feat_secret_circle, corexii_checkpoint
D:8:      layout_basic, kennysheep_mini, uniq_maurice
D:9:      layout_basic, erik_orc_4, enter_bailey_3, minmay_misc_feat_square
D:10:     layout_loops_ring, grunt_temple_overflow_open, kennysheep_small_square
D:11:     dragon1_lemuel, layout_cave_pods, lair_entry_dummy, serial_shops, shop
D:12:     layout_roguey, serial_bayou_lake_a, uniq_azrael
D:13:     layout_basic, skrybe_vaults_entry_preservation,
          gauntlet_entry_generic, gammafunk_ghost_fury_of_okawaru, minivault_8,
          uniq_urug
D:14:     layout_basic, minmay_misc_feat_tower
D:15:     grunt_enter_depths_hoard, layout_gridville,
          hangedman_abyss_or_decor_lesser_grid
Lair:1:   layout_roguey, maelrawn_ghost_gauntlet_escape, grunt_megastairs_2,
          lemuel_fruit_tree
Lair:2:   layout_layer_cave, serial_bayou_shore_b, uniq_sonja
Lair:3:   minmay_lair_oklob_chamber, layout_chaotic_city,
          minmay_swamp_entry_reptiles, minmay_snake_entry_spellcaster,
          uniq_nessos
Lair:4:   minmay_lair_venomous_thicket, layout_cave_pods,
          infiniplex_staircase_pool
Lair:5:   gammafunk_lair_ancient_temple, layout_layer_cave,
          nicolae_slime_entry_slimehenge, roderic_batcave, minivault_19,
          st_stairs_7, chequers_serial_rivers_micro_a
Swamp:1:  layout_basic_swamp, evilmike_swamp_ruin_house_1, uniq_aizul
Swamp:2:  nzn_winding_woodlands_cross [nzn_winding_woodlands_5x15_longhouse,
          nzn_winding_woodlands_5x15_eye,
          nzn_winding_woodlands_5x15_lazy_stream,
          nzn_winding_woodlands_5x15_garden,
          nzn_winding_woodlands_15x15_boxy_spiral], layout_basic_swamp,
          nicolae_swamp_trees_clearing, swamp_pool_4, hangedman_swamp_pad,
          uniq_donald
Swamp:3:  layout_falls_marsh, hangedman_swamp_ruin_hall
Swamp:4:  grunt_swamp_rune_castle, layout_basic_swamp, swamp_pool_3,
          nicolae_swamp_bean_lake, nicolae_swamp_snake_nest, uniq_nikola
Snake:1:  layout_chambers, uniq_mlioglotl
Snake:2:  layout_rooms, minmay_shop_grove
Snake:3:  layout_cave_town, serial_shops, nicolae_lakefront_shop,
          nicolae_triple_integral
Snake:4:  minmay_snake_end_coiled, layout_misc_corridors, serial_shops, shop,
          grunt_ministairs_10, drop_trap, serial_bayou_pond_e,
          nicolae_snake_snake_lake, uniq_vashnia, uniq_louise, uniq_roxanne,
          uniq_bai_suzhen, uniq_saint_roka
Slime:1:  layout_caves, nicolae_slime_barrier
Slime:2:  layout_caves
Slime:3:  layout_caves, cheibrodos_slime_lost_civilization_4
Slime:4:  layout_caves
Slime:5:  slime_pit_nicolae_trefoil
Orc:1:    layout_caves, basic_altar, serial_shops, shop, bh_open_orc_temple,
          uniq_fannar
Orc:2:    st_orc_ogre_mass, layout_caves, lightli_orcish_oven, uniq_snorg
Elf:1:    layout_geoelf_grid, gammafunk_ghost_ooze, minmay_elf_sorcery
Elf:2:    nicolae_elf_blades_crystal_corner, layout_loops_corners,
          lemuel_flame_loot_1
Elf:3:    minmay_elf_hall_curves, layout_loops_corners, serial_shops,
          nicolae_square_shop, shop, shop
Vaults:1: nicolae_vaults_big_ls, nicolae_vaults_asterisk,
          nicolae_vaults_little_squares_5, v_rooms_2,
          ontoclasm_vaults_decontamination, nicolae_vaults_storage_closets_3,
          nicolae_vaults_closet_pinwheel_1, ontoclasm_vaults_chip,
          vaults_dpeg_cross, vaults_standard_mumra_lines, vaults_dpeg_spiral,
          nicolae_vaults_storage_room_statues, nicolae_vaults_cochlea,
          layout_vaults_omnibox
Vaults:2: nicolae_vaults_alarming, v_misc_5, v_misc_8,
          nicolae_vaults_double_plus_2, v_misc_4, ontoclasm_vaults_shuriken,
          dpeg_vaults_pockets_of_resistance, minmay_crypt_entry_simple_statues,
          nicolae_vaults_apartment_2, vaults_room_large_hall,
          nicolae_vaults_cornered_office, v_misc_18, nicolae_vaults_trapezoid_1,
          nicolae_vaults_diamond_2, hangedman_vaults_locks,
          vaults_dpeg_encased_lava, layout_vaults_omnicross
Vaults:3: v_pattern_1, vaults_room_grid, vaults_mumra_lcd,
          vaults_mumra_minichess_inversion, hangedman_vaults_slice,
          nicolae_vaults_double_plus_3, ontoclasm_vaults_loading_screen,
          vaults_mumra_chevron, layout_vaults_chaotic_city
Vaults:4: vaults_standard_mumra_enter_the_diamond, st_check,
          hangedman_vaults_slither, nicolae_vaults_offset_grid_hallway_4,
          hangedman_vaults_stream, ontoclasm_vaults_gateway,
          vaults_standard_mumra_x, ontoclasm_vaults_ligature,
          nicolae_vaults_storage_closets_1, ontoclasm_vaults_loading_screen,
          nicolae_vaults_trapezoid_lopsided_2, v_misc_22,
          nicolae_vaults_sesquioval_fish, layout_vaults_maze, uniq_zenata
Depths:1: nicolae_hitomezashi [nicolae_hito_row, nicolae_hito_row,
          nicolae_hito_row, nicolae_hito_row, nicolae_hito_row,
          nicolae_hito_row, nicolae_hito_row, nicolae_hito_row,
          nicolae_hito_row, nicolae_hito_row, nicolae_hito_row,
          nicolae_hito_row, nicolae_hito_row, nicolae_hito_row,
          nicolae_hito_row, nicolae_hito_row, nicolae_hito_row,
          nicolae_hito_row], layout_gridlike, hell_entry, kennysheep_minor_cross
Depths:2: dreamdust_cat_pyramid, layout_gridville, lightli_too_deep,
          grunt_decor_resistance, pan_entry, roderic_lattice_a,
          ebering_dispersal_statue_hall
Depths:3: minmay_ornate_pinched, layout_cave_pools, fedhas_altar_fruit_tree,
          rand_demon_pan_entry_3, hell_entry, abyss_entry,
          kilobyte_rumbling_trees
Depths:4: grunt_zot_entry_pinwheel, layout_cave_shapes, enter_ziggurat_c,
          serial_shops, nicolae_shop_waterfront, nicolae_titane, abyss_entry,
          grunt_hell_entry_dis_old, kennysheep_crisscross, tgw_lugonu_bribe
Hell
Zot:1:    layout_gridlike
Zot:2:    layout_gridlike, st_stairs_4, regret_index_zotdec_storm_pass
Zot:3:    kennysheep_blocky_room, layout_gridlike, zot_minivault_5,
          lemuel_elevator, uniq_josephina
Zot:4:    layout_misc_corridors, skrybe_zot_glass_3, grunt_megastairs_4
Zot:5:    layout_cathedral_of_symmetry, basic_altar

Skill      XL: |  1  2  3  4  5  6  7  8  9 10 11 12 13 14 15 16 17 18 19 20 21 22 23 24 |
---------------+-------------------------------------------------------------------------+-----
Axes           | 4 5 6 7 9 11 12 14 16 17 18 19 20 21 | 21.0
Ranged Weapons | 1 2 3 4 6 8 9 11 13 14 15 17 18 19 | 19.7
Fighting       | 4 5 6 7 8 9 10 11 12 13 14 16 17 18 19 20 22 23 25 26 | 26.6
Maces & Flails | 2 4 6 8 9 |  9.9
Evocations     | 3 5 7 8 9 10 | 10.7
Dodging        | 5 8 9 |  9.0
Armour         | 2 8 12 15 16 17 | 17.2
Throwing       | 6 8 9 11 | 11.1
Shields        | 6 14 18 22 25 27 | 27.0

Action                     |  1- 3 |  4- 6 |  7- 9 | 10-12 | 13-15 | 16-18 | 19-21 | 22-24 || total
---------------------------+-------+-------+-------+-------+-------+-------+-------+-------++-------
  Melee: Hand axe          |    88 |    26 |       |       |       |       |       |       ||   114
         Headbutt          |    29 |     5 |    19 |    88 |   187 |   253 |   409 |   493 ||  1483
         Punch             |     1 |     2 |     4 |       |     1 |     6 |       |       ||    14
         Flail             |       |    16 |    91 |       |       |       |       |       ||   107
         Battleaxe         |       |       |    11 |   104 |   335 |    56 |       |       ||   506
         Broad axe         |       |       |       |   245 |   304 |   926 |  1239 |  1325 ||  4039
         Kick              |       |       |       |    88 |   101 |   408 |   584 |   198 ||  1379
         Bite              |       |       |       |       |    91 |   162 |   207 |   301 ||   761
         War axe           |       |       |       |       |       |     6 |       |       ||     6
         Pseudopods        |       |       |       |       |       |       |   252 |   501 ||   753
         Morningstar       |       |       |       |       |       |       |       |    28 ||    28
   Fire: Arbalest          |    27 |    74 |   201 |    68 |   275 |   206 |       |       ||   851
         Sling             |       |       |       |    15 |    13 |    18 |    24 |    21 ||    91
  Throw: Dart              |       |     1 |       |       |       |     2 |       |       ||     3
         Boomerang         |       |       |       |    45 |    14 |    62 |    37 |    77 ||   235
         Javelin           |       |       |       |       |       |       |       |     2 ||     2
 Invoke: Oozemancy         |       |       |     4 |     9 |    11 |     3 |     2 |     4 ||    33
         Slimify           |       |       |       |     3 |     4 |     4 |       |     6 ||    17
  Evoke: Wand              |       |       |       |    17 |     6 |    22 |     9 |     6 ||    60
    Use: Scroll            |     2 |     3 |    12 |     8 |    17 |     7 |     3 |    10 ||    62
         Potion            |       |       |     1 |     1 |     6 |       |     4 |    11 ||    23
   Stab: Sleeping          |     1 |       |       |       |       |       |       |       ||     1
         Invisible         |       |       |       |     1 |     7 |     6 |     1 |     1 ||    16
         Distracted        |       |       |       |       |     2 |     1 |       |     2 ||     5
         Confused          |       |       |       |       |    26 |    14 |     1 |       ||    41
         Betrayed ally     |       |       |       |       |       |     1 |       |       ||     1
 Armour: Robe              |    18 |       |       |       |       |       |       |       ||    18
         Scale mail        |     2 |    19 |       |   338 |   437 |    24 |       |       ||   820
         Chain mail        |       |    58 |   245 |    57 |       |       |       |       ||   360
         Crystal plate arm |       |       |       |       |       |   890 |   662 |  1227 ||  2779
  Dodge: Dodged            |    33 |    46 |   129 |   177 |   459 |   392 |   328 |   558 ||  2122
  Block: Buckler           |       |       |       |    87 |   130 |   396 |   653 |  1123 ||  2389
         Reflection        |       |       |       |    11 |    17 |    77 |   104 |   124 ||   333
         Other             |       |       |       |       |    22 |    86 |       |       ||   108
